 Dungeon Crawl Stone Soup version 0.16-a0-51-g3cd7026 (webtiles) character file.

1872611 Badjas the Wrestler (level 27, 227/268 HPs)
             Began as a Minotaur Monk on Aug 4, 2014.
             Was the Champion of Cheibriados.
             Escaped with the Orb
             ... and 3 runes on Aug 6, 2014!
             The game lasted 09:53:02 (61859 turns).

Badjas the Wrestler (Minotaur Monk)                Turns: 61859, Time: 09:53:02

HP 227/268       AC 45     Str 47      XL: 27
MP  34/34        EV 39     Int 23 (25) God: Cheibriados [******]
Gold 6544        SH 33     Dex 36      Spells:  0 memorised, 26 levels left

rFire  + + .     SeeInvis +       - Unarmed
rCold  + + .     Clarity  +     e - +11 gold dragon armour
rNeg   . . .     rCorr    .     c - +2 large shield {reflect}
rPois  +         rRot     .     J - +2 hat {MR+}
rElec  +         Spirit   .     T - +0 cloak of Starlight {rElec rC+ EV+4 Stlth-}
SustAb .         Warding  .     q - +2 pair of gloves of Beauty {Str+4 Dex+4 Int+3}
rMut   .         Stasis   .     j - +0 pair of boots
Gourm  .                        C - amulet "Blotyrph" {Clar rF+ Str+3}
MR     ++++.                    E - ring of Hosoops {Wiz rPois MR+}
                                d - ring of see invisible

@: studying Air Magic, very slow, incredibly resistant to hostile enchantments,
extremely unstealthy
A: retaliatory headbutt, horns 2, forlorn
a: Bend Time, Temporal Distortion, Slouch, Step From Time, Renounce Religion
0: Orb of Zot
}: 3/15 runes: decaying, silver, gossamer


You escaped.
You worshipped Cheibriados.
Cheibriados was exalted by your worship.
You were very full.

You visited 9 branches of the dungeon, and saw 53 of its levels.
You visited 1 Ziggurat, and saw 9 of its levels.
You also visited: Labyrinth, Trove, Bailey and Volcano.

You collected 7668 gold pieces.
You spent 1124 gold pieces at shops.

Inventory:

Armour
 c - a +2 large shield of reflection (worn)
 e - a +11 gold dragon armour (worn)
 j - a +0 pair of boots (worn)
 q - the +2 pair of gloves of Beauty (worn) {Str+4 Dex+4 Int+3}
   (You acquired it on level 5 of the Vaults)

   It affects your strength (+4).
   It affects your intelligence (+3).
   It affects your dexterity (+4).
 J - a +2 hat of magic resistance (worn)
 T - the +0 cloak of Starlight (worn) {rElec rC+ EV+4 Stlth-}
   (You found it in a labyrinth)

   It affects your evasion (+4).
   It protects you from cold.
   It insulates you from electricity.
   It makes you less stealthy.
Magical devices
 v - a wand of cold (0)
 H - a wand of teleportation (6)
 K - a wand of lightning (1)
 W - a wand of fire (8)
 Z - a wand of fireball (5)
Comestibles
 s - 36 bread rations
Scrolls
 i - 9 scrolls of recharging
 k - 3 scrolls of enchant armour
 m - 19 scrolls of remove curse
 x - 23 scrolls of identify
 y - 17 scrolls of blinking
 z - 7 scrolls of fear
 D - 9 scrolls of teleportation
 L - a scroll of summoning
 N - 5 scrolls of magic mapping
 O - 4 scrolls of silence
 Q - 9 scrolls of fog
 U - 4 scrolls of holy word
 V - a scroll of enchant weapon
Jewellery
 b - a +3 ring of strength
 d - a ring of see invisible (left hand)
 f - an uncursed amulet of resist corrosion
 l - an uncursed ring of positive energy
 n - an uncursed amulet of resist mutation
 o - an uncursed ring of protection from cold
 p - the ring of Descent {rC+ Dex+5}
   (You found it on level 9 of a ziggurat)

   [ring of dexterity]

   It affects your dexterity (+5).
   It protects you from cold.
 B - an uncursed ring of sustain abilities
 C - the amulet "Blotyrph" (around neck) {Clar rF+ Str+3}
   (You bought it in a shop on level 1 of the Vaults)

   [amulet of clarity]

   It provides mental clarity.
   It affects your strength (+3).
   It protects you from fire.
 E - the ring of Hosoops (right hand) {Wiz rPois MR+}
   (You found it in a labyrinth)

   [ring of wizardry]

   It improves your spell success rate.
   It protects you from poison.
   It affects your resistance to hostile enchantments.
 I - a +5 ring of evasion
 P - the amulet of the Air {Inacc +Fly rElec EV+5 RMsl}
   (You found it on level 5 of the Vaults)

   [amulet of inaccuracy]

   It reduces the accuracy of all your attacks.
   It affects your evasion (+5).
   It insulates you from electricity.
   It lets you fly.
   It protects you from missiles.
 R - an uncursed ring of fire
Potions
 a - 3 potions of magic
 h - 7 potions of might
 t - 7 potions of agility
 w - 4 potions of resistance
 A - 2 potions of cancellation
 M - 10 potions of restore abilities
 S - 6 potions of invisibility
 X - 16 potions of curing
 Y - 5 potions of heal wounds
Books
 G - a manual of Air Magic
Miscellaneous
 g - a lantern of shadows
Rods
 F - a +7 lightning rod (17/17)
   (You found it on level 4 of the Swamp)


   Skills:
 + Level 25.9 Fighting
   Level 9.0 Crossbows
 - Level 23.3 Armour
 + Level 22.8 Dodging
 - Level 1.6 Stealth
 + Level 23.5 Shields
 - Level 26.0 Unarmed Combat
 - Level 12.0 Invocations
 - Level 9.0 Evocations


You had 26 spell levels left.
You didn't know any spells.

Dungeon Overview and Level Annotations

Branches:
Dungeon (15/15)            Temple (1/1) D:4             Orc (4/4) D:9
    Elf (0/3) Orc:4          Lair (8/8) D:8           Swamp (5/5) Lair:6
 Spider (5/5) Lair:6        Slime (0/6) Lair:7       Vaults (5/5) D:13
  Crypt (0/3) Vaults:3     Depths (5/5) D:15            Zot (5/5) Depths:5

Altars:
Ashenzari
Cheibriados
Dithmenos
Elyvilon
Fedhas
Gozag
Kikubaaqudgha
Makhleb
Nemelex Xobeh
Okawaru
Qazlal
Sif Muna
Trog
Vehumet
Xom
Yredelemnul
Zin
The Shining One

Shops:
D:4 !   D:7 (   D:10 :   Orc:3 (   Orc:4 ?(=%   Vaults:1 =   Vaults:2 ![(
Vaults:4 }

Portals:
Hell: Depths:1* Depths:2 Depths:3 Depths:4 Depths:5
Abyss: Depths:4 Depths:5
Pandemonium: Depths:2 Depths:3 Depths:5

Annotations:
Lair:7 exclusion: 4 oklob plants
Spider:2 Norris


Innate Abilities, Weirdness & Mutations

You reflexively headbutt those who attack you in melee.
You have a pair of horns on your head.
You have difficulty communicating with the divine.


Message History

You kill the orange demon!
Cheibriados appreciates the change of pace.
There is an open door here.
A sixfirhy comes into view.
You block the sixfirhy's attack. You block the sixfirhy's attack. x2
There is a staircase leading out of the dungeon here.
You pummel the sixfirhy!! Your headbutt misses the sixfirhy.
The sixfirhy is almost dead.
The sixfirhy completely misses you. You block the sixfirhy's attack.
You block the sixfirhy's attack.
You pulverise the sixfirhy!!!
You kill the sixfirhy!
Cheibriados thoroughly appreciates the change of pace.
Drink which item? (? for menu, Esc to quit)
It has a very clean taste.
Your vision sharpens.
You feel genetically unstable.
Your body's shape seems more normal.
You feel robust.
You feel a little less jittery.
You have escaped!

.### #)# #.# #.# #.# #.. ## #.#
#.# #.# #.# #.. ########.###.#
#.######.######..
.............####................
.................................
########..................#####..
#........###'#######'###..#######
#.#......#..⌠...>...⌠..#.........
#.#.##...#......@......#..#####..
#.#..#...'⌠....###....⌠'..# #..
.........#.............#..# ###..
...####..#######%#######..# #....
.........#.............#..# #....
...#####.#.............#).# #....
...# ##.#.............#..# #....
...# #..###############..###....
...# #....................##....


There were no monsters in sight!

Vanquished Creatures
  10 orbs of fire
  5 ancient liches (Zot:5)
  A curse toe (Zot:5)
  3 Killer Klowns
  5 golden dragons
  2 electric golems (Zot:5)
  2 Hell Sentinels
  23 Orb Guardians
  7 liches
  18 tentacled monstrosities
  2 Ice Fiends
  7 titans
  2 Executioners
  An octopode crusher (Depths:1)
  8 sphinxes
  A Shadow Fiend (Vaults:5)
  A quicksilver dragon (Vaults:5)
  24 storm dragons
  3 thorn hunters
  Rupert (Swamp:2)
  9 shadow dragons
  2 ancient champions
  Frances (Spider:3)
  8 draconian monks
  2 greater nagas (Zig:5)
  11 tengu reavers
  2 revenants (Zig:6)
  20 frost giants
  Donald (Vaults:2)
  9 draconian scorchers
  3 pandemonium lords
  4 deep elf sorcerers
  16 vault wardens
  5 iron dragons
  8 draconian knights
  17 fire giants
  A balrug (D:15)
  Louise (Swamp:2)
  6 draconian zealots
  3 ghost moths
  2 large abominations
  2 orc warlords (Vaults:5)
  11 draconian annihilators
  8 emperor scorpions
  Jorgrun (Swamp:5)
  A deep elf demonologist (Vaults:5)
  A blood saint (Zig:4)
  6 spriggan defenders
  6 draconian shifters
  2 war gargoyles (Vaults:5)
  19 very ugly things
  A draconian caller (Zot:3)
  A vampire knight (Depths:2)
  24 stone giants
  12 grey draconians
  A chaos champion (D:1)
  3 lorocyprocas
  13 green draconians
  2 black suns
  12 red draconians
  14 black draconians
  6 pale draconians
  3 deep elf annihilators
  12 purple draconians
  14 mottled draconians
  10 white draconians
  15 yellow draconians
  5 dire elephants
  5 deep elf death magi
  15 ettins
  32 vault guards
  2 green deaths
  Snorg (D:15)
  A blizzard demon (D:14)
  5 minotaurs
  27 fire dragons
  5 death cobs
  A minotaur (shapeshifter) (Vaults:5)
  Josephine (D:14)
  6 great orbs of eyes
  15 yaktaur captains
  3 spriggan air magi
  13 ironheart preservers
  2 deep elf high priests
  2 small abominations (Vaults:3)
  Harold (Lair:3)
  27 ice dragons
  15 hydras
  The ghost of Zuul the Skirmisher, a powerful DsGl of Kikubaaqudgha (Lair:1)
  A ravenous feature mimic (Spider:3)
  12 deep troll earth magi
  Erica (D:11)
  7 rakshasas
  4 shambling mangroves
  12 centaur warriors
  4 tengu warriors
  2 dancing weapons (D:13)
  11 alligators
  16 death yaks
  10 deep troll shamans
  19 ogre magi
  A shock serpent (Zig:7)
  The ghost of ciphuk the Impaler, an experienced MfDK of Yredelemnul (D:10)
  Urug (Orc:4)
  The ghost of Charly the Martial Artist, an experienced DsMo of Cheibriados (Volcano)
  14 spriggan berserkers
  6 hell knights
  5 sun demons
  4 orc high priests (Orc:4)
  2 soul eaters
  Nergalle (D:10)
  A titan skeleton (Vaults:3)
  2 catoblepae
  2 fire crabs (shapeshifter)
  3 deep elf knights
  7 skeletal warriors
  A storm dragon skeleton (Vaults:1)
  2 unseen horrors
  A shadow wraith (Zig:6)
  27 deep trolls
  2 shadow demons
  3 giant orange brains
  3 ice devils
  2 iron trolls
  19 orb spiders
  A gelid demonspawn (Depths:5)
  5 swamp dragons
  2 hill giants (shapeshifter)
  5 flayed ghosts
  A naga ritualist (Zig:5)
  An unseen horror (shapeshifter) (Depths:1)
  14 hill giants
  5 deep elf summoners
  A swamp dragon (shapeshifter) (Vaults:5)
  Erolcha (D:10)
  A harpy (shapeshifter) (Vaults:2)
  A shadow dragon zombie (Vaults:5)
  5 wizards
  15 ironbrand convokers
  21 orc knights
  A harpy (D:13)
  6 necromancers
  An iron dragon zombie (Zig:9)
  42 wolf spiders
  4 deep elf conjurers
  2 manticores
  3 human zombies
  A deathcap (Zig:2)
  2 hellions
  4 hell beasts
  9 red wasps
  26 elephants
  7 griffons
  55 ugly things
  3 phantasmal warriors
  32 moths of wrath
  4 black mambas
  8 oklob plants
  2 stone giant zombies (Vaults:1)
  17 vault sentinels
  A faun (shapeshifter) (Depths:4)
  6 frost giant zombies
  11 cyclopes
  5 orc sorcerers
  6 sixfirhies
  Joseph (D:10)
  An octopode (shapeshifter) (Depths:3)
  A dire elephant zombie (Zig:2)
  2 frost giant skeletons (Depths:2)
  A centaur zombie (D:13)
  2 torpor snails
  3 iron devils
  An orange demon (D:1)
  A komodo dragon (shapeshifter) (Depths:3)
  A gargoyle (D:12)
  17 spiny frogs
  7 kobold demonologists
  2 spiny frogs (shapeshifter)
  4 tormentors
  86 yaktaurs
  A black draconian zombie (Zot:3)
  A yellow draconian zombie (Zot:3)
  3 naga magi (Zig:5)
  5 spectral swamp worms (Depths:1)
  15 demonic crawlers
  A pale draconian zombie (Zot:1)
  5 komodo dragons
  2 fire drakes
  2 yaktaur skeletons
  37 jumping spiders
  A golden dragon simulacrum (Depths:2)
  3 red devils
  8 deep elf priests
  4 blue devils
  6 spriggan druids
  5 tengu conjurers
  52 slime creatures
  13 freezing wraiths
  5 giant leeches
  A wind drake (shapeshifter) (Depths:1)
  A polar bear (shapeshifter) (Vaults:2)
  9 trolls
  6 polar bears
  Prince Ribbit (D:5)
  A hellwing (D:15)
  34 ravens
  A snapping turtle (shapeshifter) (Depths:3)
  A stone giant simulacrum (Vaults:3)
  A raven (shapeshifter) (D:10)
  27 blink frogs
  An ice dragon zombie (Zot:5)
  8 bog bodies
  3 raiju (Zig:7)
  A moth of wrath zombie (Zot:5)
  5 spriggan zombies
  6 boulder beetles
  4 baby alligators (Swamp:4)
  54 yaks
  2 basilisks
  37 two-headed ogres
  6 water elementals (Depths:1)
  A deep troll zombie (Depths:4)
  8 wraiths
  A tarantella (shapeshifter) (Depths:1)
  An ettin skeleton (Vaults:4)
  3 hungry ghosts
  17 spriggans
  2 shadows
  3 wyverns
  14 deep elf magi
  39 trapdoor spiders
  3 air elementals (Zig:7)
  40 tarantellas
  65 redbacks
  2 griffon skeletons
  2 hill giant zombies
  A human (shapeshifter) (Vaults:2)
  A yak (shapeshifter) (Depths:1)
  A ynoxinul (Zot:1)
  4 neqoxecs
  5 deep elf fighters
  14 hippogriffs
  A swamp worm simulacrum (Swamp:5)
  A hippogriff (shapeshifter) (Vaults:2)
  A naga (Zig:5)
  49 vampire mosquitoes
  3 mottled dragons
  A fire bat (shapeshifter) (Vaults:4)
  A hill giant skeleton (D:14)
  5 ogre zombies
  35 wolves
  3 tengu zombies
  A soldier ant (shapeshifter) (Vaults:1)
  24 swamp worms
  17 hydra simulacra (Swamp:5)
  8 wargs
  The ghost of ciphuk the Ruinous, an average DECj (D:4)
  A soldier ant (D:15)
  13 porcupines
  A deep troll skeleton (Vaults:3)
  27 water moccasins
  2 human skeletons (Vaults:3)
  13 yellow wasps
  4 ice beasts
  5 swamp drakes
  15 boggarts
  45 orc warriors
  An ettin simulacrum (Vaults:4)
  7 black bears
  8 necrophages
  74 ogres
  23 spiders
  2 human simulacra
  A tengu (shapeshifter) (D:13)
  39 centaurs
  5 sky beasts
  3 boring beetles (shapeshifter)
  A vampire mosquito zombie (D:14)
  3 boring beetles
  A centaur (shapeshifter) (Depths:4)
  A phantom (Zig:2)
  22 giant frogs
  9 big kobolds
  17 crocodiles
  2 yaktaur zombies
  A komodo dragon skeleton (D:14)
  A wyvern skeleton (D:9)
  6 insubstantial wisps
  A boulder beetle zombie (D:15)
  A deep troll simulacrum (Vaults:3)
  An eye of draining (shapeshifter) (D:14)
  22 killer bees
  11 scorpions
  An eye of draining (D:14)
  15 wights
  A troll zombie (D:14)
  7 jellies
  2 troll skeletons
  An electric eel (Lair:2)
  2 goliath beetles
  9 crimson imps
  A kobold zombie (D:12)
  5 quasits
  A giant frog zombie (D:12)
  19 hounds
  2 two-headed ogre zombies
  2 basilisk zombies
  An elf zombie (D:12)
  A yellow wasp zombie (D:11)
  42 orc priests
  36 orc wizards
  4 centaur skeletons
  4 iron imps
  A yaktaur simulacrum (D:14)
  Natasha (thrice) (D:6)
  15 iguanas
  3 orange rats (Vaults:4)
  7 worker ants
  35 sheep
  Ijyb (D:4)
  A hound zombie (D:5)
  2 ogre skeletons
  4 mummies
  A sky beast zombie (D:5)
  A hound skeleton (D:7)
  A worker ant zombie (D:8)
  13 gnolls
  34 green rats
  6 orc zombies
  6 white imps
  36 adders
  4 shadow imps
  4 giant mites
  An inept item mimic (D:3)
  A worm (D:2)
  6 swamp drake simulacra (Swamp:5)
  3 ufetubi
  An iguana zombie (D:8)
  2 adder skeletons
  3 orc skeletons
  13 giant geckos
  4 oozes (D:1)
  188 orcs
  4 ball pythons
  10 giant cockroaches
  24 goblins
  14 hobgoblins
  25 jackals
  12 quokkas
  15 bats
  A giant gecko skeleton (D:5)
  4 giant newts
  A gnoll skeleton (D:4)
  2 hobgoblin skeletons (D:9)
  46 kobolds
  2 kobold skeletons
  17 rats
  A rat zombie (D:8)
  A spectral orc (D:10)
  A butterfly (Lair:1)
  3 crawling corpses (Vaults:3)
  2 plants
3206 creatures vanquished.

Vanquished Creatures (collateral kills)
  An orange demon (Zot:2)
  5 ufetubi (Zot:5)
6 creatures vanquished.

Vanquished Creatures (others)
  An Orb Guardian (Zot:5)
  A fire giant (Depths:3)
  A draconian scorcher (Zot:2)
  A draconian annihilator (Zig:8)
  An ice devil (Depths:5)
  A giant orange brain (Vaults:5)
  A yaktaur (Depths:4)
  A two-headed ogre (Depths:4)
  A tarantella (Spider:5)
  10 shadows
  A swamp worm simulacrum (Swamp:5)
  3 orc warriors
  An ogre (Depths:4)
  A human skeleton (Vaults:1)
  A centaur (Volcano)
  3 lost souls (Vaults:4)
  An electric eel (Lair:2)
  A quasit (Depths:1)
  An orange rat (Vaults:4)
  3 orcs
  A rat (D:10)
  3 fungi
  5 plants
  7 toadstools (Swamp:2)
51 creatures vanquished.

Grand Total: 3263 creatures vanquished

Notes
Turn   | Place    | Note
--------------------------------------------------------------
     0 | D:1      | Badjas, the Minotaur Monk, began the quest for the Orb.
     0 | D:1      | Reached XP level 1. HP: 19/19 MP: 1/1
   370 | D:1      | Reached XP level 2. HP: 21/26 MP: 1/1
   946 | D:2      | Found an iron altar of Okawaru.
   956 | D:2      | Found a shattered altar of Ashenzari.
  1065 | D:2      | Reached skill level 5 in Unarmed Combat
  1065 | D:2      | Reached XP level 3. HP: 23/33 MP: 2/2
  1607 | D:3      | Reached XP level 4. HP: 24/40 MP: 2/2
  1749 | D:3      | Reached skill level 6 in Unarmed Combat
  1914 | D:3      | Gained mutation: You tend to lose your temper in combat. [potion of mutation]
  1914 | D:3      | Gained mutation: Your mind is acute. (Int +2) [potion of mutation]
  1914 | D:3      | Gained mutation: You are weak. (Str -2) [potion of mutation]
  2131 | D:3      | Reached XP level 5. HP: 44/47 MP: 2/2
  2429 | D:4      | Noticed Ijyb
  2444 | D:4      | Killed Ijyb
  2444 | D:4      | Reached skill level 5 in Fighting
  2541 | D:4      | Reached XP level 6. HP: 54/56 MP: 3/3
  2573 | D:4      | Found Shriha's Distillery.
  2583 | D:4      | Bought a potion of might for 27 gold pieces
  2625 | D:4      | Reached skill level 7 in Unarmed Combat
  2659 | D:4      | Noticed an ogre
  2678 | D:4      | Killed an ogre
  2782 | D:4      | Noticed ciphuk's ghost (average DECj)
  2799 | D:4      | Gained mutation: You are partially covered in rugged brown scales (AC +1, +3% HP). [potion of beneficial mutation]
  2802 | D:4      | Killed ciphuk's ghost
  2802 | D:4      | Reached XP level 7. HP: 6/65 MP: 3/3
  3198 | D:4      | Found a staircase to the Ecumenical Temple.
  3258 | D:5      | Entered Level 5 of the Dungeon
  3270 | D:5      | Reached skill level 8 in Unarmed Combat
  3646 | D:5      | Noticed Prince Ribbit
  3672 | D:5      | Killed Prince Ribbit
  3828 | D:5      | Reached XP level 8. HP: 62/76 MP: 3/3
  3831 | D:5      | Reached skill level 9 in Unarmed Combat
  3856 | Temple   | Entered the Ecumenical Temple
  4219 | D:5      | Noticed a hill giant
  4362 | D:6      | Noticed Natasha
  4370 | D:6      | Killed Natasha
  4527 | D:6      | Reached skill level 5 in Dodging
  4597 | D:6      | Noticed Natasha
  4606 | D:6      | Killed Natasha
  4879 | D:6      | Found a deep blue altar of Sif Muna.
  5010 | D:6      | Found a snail-covered altar of Cheibriados.
  5014 | D:6      | Noticed Natasha
  5021 | D:6      | Killed Natasha
  5089 | D:6      | Became a worshipper of Cheibriados the Contemplative
  5887 | D:1      | Reached skill level 10 in Unarmed Combat
  6025 | D:7      | Acquired Cheibriados' first power
  6087 | D:7      | Found Sahezietu's Weapon Emporium.
  6133 | D:7      | Got a brightly glowing quarterstaff
  6134 | D:7      | Identified the +11 quarterstaff of Weitix {freeze, Int+1} (You found it on level 7 of the Dungeon)
  6207 | D:7      | Found a white marble altar of Elyvilon.
  6251 | D:7      | Reached XP level 9. HP: 83/83 MP: 4/4
  6459 | D:7      | Found a bloodstained altar of Trog.
  6568 | D:7      | Acquired Cheibriados' second power
  6751 | D:8      | Found a white marble altar of Elyvilon.
  6767 | D:8      | Found a staircase to the Lair.
  6840 | D:8      | Reached skill level 11 in Unarmed Combat
  7499 | D:8      | Found a sparkling altar of Nemelex Xobeh.
  7661 | D:8      | Acquired Cheibriados' third power
  8289 | D:5      | Found a deep blue altar of Sif Muna.
  8436 | D:5      | Killed a hill giant
  8563 | D:9      | Reached skill level 12 in Unarmed Combat
  8563 | D:9      | Reached XP level 10. HP: 90/90 MP: 4/4
  8713 | D:9      | Reached skill level 1 in Armour
  8713 | D:9      | Reached skill level 1 in Invocations
  8855 | D:9      | Found a staircase to the Orcish Mines.
  9400 | D:10     | Entered Level 10 of the Dungeon
  9421 | D:10     | Found a shimmering altar of Xom.
  9421 | D:10     | Found a shimmering altar of Xom.
  9423 | D:10     | Found a shimmering altar of Xom.
  9423 | D:10     | Found a shimmering altar of Xom.
  9423 | D:10     | Found a shimmering altar of Xom.
  9423 | D:10     | Found a shimmering altar of Xom.
  9423 | D:10     | Found a shimmering altar of Xom.
  9423 | D:10     | Found a shimmering altar of Xom.
  9543 | D:10     | Found a deep blue altar of Sif Muna.
  9575 | D:10     | Found Twuomol's Book Shoppe.
  9600 | D:10     | Reached skill level 5 in Armour
  9643 | D:10     | Noticed Joseph
  9652 | D:10     | Killed Joseph
  9712 | D:10     | Noticed ciphuk's ghost (experienced MfDK)
  9728 | D:10     | Killed ciphuk's ghost
  9728 | D:10     | Reached skill level 13 in Unarmed Combat
  9948 | D:10     | Noticed Nergalle
  9948 | D:10     | Reached XP level 11. HP: 96/96 MP: 13/13
  9960 | D:10     | Killed Nergalle
  9960 | D:10     | Reached skill level 5 in Invocations
 10103 | D:10     | Noticed Erolcha
 10112 | D:10     | Killed Erolcha
 10271 | Lair:1   | Entered Level 1 of the Lair of Beasts
 10580 | Lair:1   | Noticed Zuul's ghost (powerful DsGl)
 10600 | Lair:1   | Killed Zuul's ghost
 11428 | Lair:2   | Reached skill level 14 in Unarmed Combat
 11881 | Lair:2   | Reached skill level 10 in Dodging
 11937 | Lair:3   | Reached XP level 12. HP: 95/105 MP: 19/19
 12022 | Lair:3   | Noticed Harold
 12031 | Lair:3   | Killed Harold
 12111 | Lair:3   | Noticed a four-headed hydra
 12118 | Lair:3   | Killed a one-headed hydra
 12166 | Lair:3   | Found a labyrinth entrance.
 12183 | Lab      | Entered a labyrinth
 12530 | Lab      | Noticed a minotaur
 12534 | Lab      | Killed a minotaur
 12536 | Lab      | Got a faintly glowing golden ring
 12537 | Lab      | Got a bronze plate armour
 12537 | Lab      | Got a twisted leather armour
 12551 | Lab      | Identified the cursed +3 leather armour of a wizard's laboratory {MR+ Int+3} (You found it in a labyrinth)
 12564 | Lab      | Identified the cursed -4 plate armour "Isylay" {+Rage +Inv +Fly rPois} (You found it in a labyrinth)
 12565 | Lab      | Identified the ring of Hosoops {Wiz rPois MR+} (You found it in a labyrinth)
 12724 | Lair:3   | Noticed an eight-headed hydra
 12733 | Lair:3   | Killed a six-headed hydra
 13286 | Lair:4   | Reached skill level 10 in Fighting
 14241 | Lair:5   | Reached XP level 13. HP: 95/119 MP: 23/23
 15168 | Lair:6   | Found a staircase to the Swamp.
 15361 | Lair:6   | Found a hole to the Spider Nest.
 15437 | Lair:6   | Reached skill level 15 in Unarmed Combat
 15607 | Lair:7   | Found a staircase to the Slime Pits.
 15839 | Lair:7   | Found a dark tunnel.
 15863 | Volcano  | Entered a volcano
 15863 | Volcano  | Noticed Charly's ghost (experienced DsMo)
 15880 | Volcano  | Killed Charly's ghost
 15880 | Volcano  | Reached skill level 10 in Armour
 16123 | Lair:7   | Reached XP level 14. HP: 128/128 MP: 24/24
 16573 | Lair:8   | Entered Level 8 of the Lair of Beasts
 17146 | Lair:8   | Reached skill level 16 in Unarmed Combat
 17386 | Lair:8   | Reached skill level 1 in Shields
 17829 | Swamp:1  | Entered Level 1 of the Swamp
 18801 | Swamp:2  | Noticed Louise
 18822 | Swamp:2  | Killed Louise
 18922 | Swamp:2  | Reached skill level 5 in Shields
 18969 | Swamp:2  | Noticed a thorn hunter
 18980 | Swamp:2  | Killed a thorn hunter
 18980 | Swamp:2  | Reached XP level 15. HP: 124/135 MP: 25/25
 19085 | Swamp:2  | Noticed Rupert
 19096 | Swamp:2  | Killed Rupert
 20588 | Swamp:4  | Reached skill level 17 in Unarmed Combat
 21172 | Swamp:5  | Entered Level 5 of the Swamp
 21226 | Swamp:5  | Noticed a thorn hunter
 21229 | Swamp:5  | Noticed a thorn hunter
 21238 | Swamp:5  | Killed a thorn hunter
 21246 | Swamp:5  | Killed a thorn hunter
 21246 | Swamp:5  | Reached skill level 10 in Shields
 22413 | Swamp:5  | Noticed Jorgrun
 22425 | Swamp:5  | Killed Jorgrun
 22432 | Swamp:5  | Reached XP level 16. HP: 61/143 MP: 25/25
 23173 | Swamp:5  | Got a decaying rune of Zot
 23661 | Lair:6   | Lost mutation: You are weak. (Str -2) [potion of cure mutation]
 23661 | Lair:6   | Lost mutation: You tend to lose your temper in combat. [potion of cure mutation]
 23661 | Lair:6   | Lost mutation: You are partially covered in rugged brown scales (AC +1, +3% HP). [potion of cure mutation]
 23661 | Lair:6   | Lost mutation: Your mind is acute. (Int +2) [potion of cure mutation]
 23707 | Spider:1 | Entered Level 1 of the Spider Nest
 24701 | Spider:2 | Got a warped falchion
 24702 | Spider:2 | Identified the +5 falchion of the Madman {slice, MR+ SInv} (You found it on level 2 of the Spider Nest)
 24711 | Spider:2 | Noticed Norris
 24744 | Spider:2 | Reached skill level 1 in Evocations
 25045 | Spider:2 | Reached skill level 18 in Unarmed Combat
 25298 | Spider:3 | Identified a scroll of acquirement
 25300 | Spider:3 | Got a jewelled buckler
 25322 | Spider:3 | Identified the -1 buckler "Foyroif" {Slay+5 SInv} (You acquired it on level 3 of the Spider Nest)
 25442 | Spider:3 | Noticed Frances
 25450 | Spider:3 | Killed Frances
 26190 | Spider:4 | Reached skill level 15 in Armour
 26319 | Spider:4 | Reached XP level 17. HP: 142/146 MP: 26/26
 26490 | Spider:4 | Reached skill level 15 in Dodging
 26568 | Spider:5 | Entered Level 5 of the Spider Nest
 26867 | Spider:5 | Reached skill level 5 in Evocations
 27431 | Spider:5 | Got a gossamer rune of Zot
 28151 | Orc:1    | Entered Level 1 of the Orcish Mines
 28808 | Orc:3    | Found Dafola's Weapon Shoppe.
 29377 | Orc:4    | Entered Level 4 of the Orcish Mines
 29397 | Orc:4    | Noticed Urug
 29407 | Orc:4    | Killed Urug
 29446 | Orc:4    | Found a staircase to the Elven Halls.
 30306 | Orc:4    | Found Qazaal's Jewellery Shop.
 30306 | Orc:4    | Found Ceulud's Magic Scroll Boutique.
 30309 | Orc:4    | Found Siang's Food Shop.
 30309 | Orc:4    | Found Gaupt's Antique Weapon Boutique.
 30818 | D:11     | Noticed Erica
 30821 | D:11     | Killed Erica
 30912 | D:11     | Found a basalt altar of Yredelemnul.
 31014 | D:11     | Found a flagged portal.
 31028 | Bailey   | Entered a bailey
 32198 | D:12     | Reached XP level 18. HP: 151/160 MP: 27/27
 33001 | D:13     | Found a gate to the Vaults.
 33331 | Vaults:1 | Entered Level 1 of the Vaults
 33332 | Vaults:1 | Upgraded the game from 0.16-a0-44-gd96af6c to 0.16-a0-51-g3cd7026
 33991 | Vaults:1 | Reached skill level 15 in Fighting
 34298 | Vaults:1 | Found a portal to a secret trove of treasure.
 35304 | Vaults:1 | Found Ezxylus' Jewellery Emporium.
 35497 | Vaults:1 | Reached skill level 1 in Crossbows
 35939 | Vaults:2 | Reached XP level 19. HP: 174/174 MP: 27/27
 36081 | Vaults:2 | Found Stonoife's Armour Boutique.
 36176 | Vaults:2 | Found Anudwu's Distillery.
 36186 | Vaults:2 | Bought a potion of heal wounds for 54 gold pieces
 36186 | Vaults:2 | Bought a potion of heal wounds for 54 gold pieces
 36475 | Vaults:2 | Noticed Donald
 36487 | Vaults:2 | Killed Donald
 36625 | Vaults:2 | Reached skill level 5 in Crossbows
 36698 | Vaults:2 | Found Struig's Weapon Emporium.
 36942 | Vaults:3 | Found a staircase to the Crypt.
 38903 | D:4      | Bought a potion of cure mutation for 385 gold pieces
 39342 | Vaults:1 | You paid a toll of 2 potions of cure mutation to enter a treasure trove
 39343 | Trove    | Entered a treasure trove
 39818 | Vaults:4 | Reached XP level 20. HP: 183/189 MP: 28/28
 40438 | Vaults:4 | Reached skill level 19 in Unarmed Combat
 41094 | Vaults:4 | Reached skill level 10 in Invocations
 41094 | Vaults:4 | Reached XP level 21. HP: 195/195 MP: 28/30
 41100 | Vaults:4 | Found Mosaxt's Gadget Shoppe.
 41387 | Vaults:1 | Bought the amulet "Blotyrph" {Clar rF+ Str+3} for 604 gold pieces
 41476 | Vaults:5 | Entered Level 5 of the Vaults
 41496 | Vaults:4 | Reached skill level 20 in Unarmed Combat
 42361 | Vaults:5 | Reached skill level 21 in Unarmed Combat
 42658 | Vaults:5 | Reached XP level 22. HP: 162/203 MP: 30/30
 42794 | Vaults:5 | Reached skill level 22 in Unarmed Combat
 42854 | Vaults:5 | Got an iridescent war axe
 42855 | Vaults:5 | Identified the cursed +8 war axe "Schaud" {chop, Dex+4 Curse} (You took it off a vault warden on level 5 of the Vaults)
 43472 | Vaults:5 | Reached skill level 23 in Unarmed Combat
 43728 | Vaults:5 | Identified Borgnjor's Reference Book on Evil (You found it on level 5 of the Vaults)
 44104 | Vaults:5 | Got a silver rune of Zot
 44208 | Vaults:5 | Reached skill level 24 in Unarmed Combat
 44283 | Vaults:5 | Got a pair of faintly glowing gloves
 44295 | Vaults:5 | Identified the +2 pair of gloves of Beauty {Str+4 Dex+4 Int+3} (You acquired it on level 5 of the Vaults)
 44612 | D:14     | Noticed Josephine
 44618 | D:14     | Killed Josephine
 45446 | D:15     | Entered Level 15 of the Dungeon
 45758 | D:15     | Noticed Snorg
 45764 | D:15     | Killed Snorg
 45860 | D:15     | Reached XP level 23. HP: 187/211 MP: 31/31
 45861 | D:15     | Found a staircase to the Depths.
 46116 | Depths:1 | Entered Level 1 of the Depths
 46327 | Depths:1 | Reached skill level 25 in Unarmed Combat
 46652 | Depths:1 | Found a bloodstained altar of Trog.
 46857 | Depths:1 | Found a gateway to Hell.
 47134 | Depths:2 | Reached skill level 26 in Unarmed Combat
 47670 | Depths:2 | Found a one-way gate leading to the halls of Pandemonium.
 48495 | Depths:3 | Reached XP level 24. HP: 218/218 MP: 31/31
 48638 | Depths:3 | Reached skill level 15 in Shields
 50534 | Depths:4 | Reached XP level 25. HP: 217/225 MP: 32/32
 51598 | Depths:4 | Found a one-way gate to the infinite horrors of the Abyss.
 51707 | Depths:5 | Entered Level 5 of the Depths
 51734 | Depths:5 | Found a gateway to a ziggurat.
 51966 | Depths:5 | Found a gate to the Realm of Zot.
 52346 | Zot:1    | Entered Level 1 of the Realm of Zot
 53471 | Zot:2    | Reached XP level 26. HP: 235/242 MP: 32/32
 53508 | Zot:2    | Noticed an orb of fire
 53522 | Zot:2    | Killed an orb of fire
 53880 | Zot:2    | Got an ichor-stained great mace
 53887 | Zot:2    | Identified the +9 great mace of Skergh {freeze, SInv} (You took it off a white draconian on level 2 of the Realm of Zot)
 54783 | Zot:3    | Noticed an orb of fire
 55018 | Zot:3    | Gained mutation: Armour fits poorly on your strangely shaped body. [an orb of fire]
 55027 | Zot:3    | Gained mutation: Your vision is a little blurry. [an orb of fire]
 55044 | Zot:3    | Killed an orb of fire
 56375 | Zig:1    | Entered Level 1 of a ziggurat
 56402 | Zig:2    | Entered Level 2 of a ziggurat
 56689 | Zig:3    | Entered Level 3 of a ziggurat
 56733 | Zig:4    | Entered Level 4 of a ziggurat
 56789 | Zig:5    | Entered Level 5 of a ziggurat
 56844 | Zig:5    | Reached XP level 27. HP: 253/255 MP: 34/34
 56849 | Zig:6    | Entered Level 6 of a ziggurat
 57233 | Zig:6    | Got a heavily runed iron ring
 57235 | Zig:6    | Identified the ring of Arrival {Ice Dex+5 Int+3} (You found it on level 6 of a ziggurat)
 57309 | Zig:7    | Entered Level 7 of a ziggurat
 57514 | Zig:8    | Entered Level 8 of a ziggurat
 57569 | Zig:8    | Got an ichor-stained blowgun
 57574 | Zig:8    | Identified the Papyrus of Talismans
 57583 | Zig:8    | Identified the +11 blowgun of the Omega Point {speed, rF+ rC+ Int+2} (You found it on level 8 of a ziggurat)
 57590 | Zig:8    | Got a twisted chain mail
 57602 | Zig:8    | Identified the +1 chain mail of the Morning {rPois MR+} (You found it on level 8 of a ziggurat)
 57620 | Zig:9    | Entered Level 9 of a ziggurat
 57924 | Zig:9    | Got a crude ivory ring
 57935 | Zig:9    | Identified the ring of Descent {rC+ Dex+5} (You found it on level 9 of a ziggurat)
 59183 | Zot:5    | Entered Level 5 of the Realm of Zot
 59636 | Zot:5    | Noticed an ancient lich
 59641 | Zot:5    | Killed an ancient lich
 59679 | Zot:5    | Noticed an ancient lich
 59683 | Zot:5    | Killed an ancient lich
 59697 | Zot:5    | Noticed an orb of fire
 59710 | Zot:5    | Killed an orb of fire
 59834 | Zot:5    | Noticed an orb of fire
 59835 | Zot:5    | Gained mutation: You occasionally shout uncontrollably at your foes. [an orb of fire]
 59838 | Zot:5    | Noticed an orb of fire
 59847 | Zot:5    | Gained mutation: Your magical capacity is low (-10% MP). [an orb of fire]
 59851 | Zot:5    | Killed an orb of fire
 59851 | Zot:5    | Gained mutation: You are dopey. (Int -2) [an orb of fire]
 59853 | Zot:5    | Gained mutation: Your body is slowly deteriorating. [an orb of fire]
 59865 | Zot:5    | Gained mutation: Your spells are a little easier to cast, but a little less powerful. [an orb of fire]
 59872 | Zot:5    | Killed an orb of fire
 59873 | Zot:5    | Lost mutation: Armour fits poorly on your strangely shaped body. [potion of cure mutation]
 59873 | Zot:5    | Lost mutation: Your magical capacity is low (-10% MP). [potion of cure mutation]
 59873 | Zot:5    | Lost mutation: You are dopey. (Int -2) [potion of cure mutation]
 59873 | Zot:5    | Lost mutation: Your body is slowly deteriorating. [potion of cure mutation]
 59873 | Zot:5    | Lost mutation: You occasionally shout uncontrollably at your foes. [potion of cure mutation]
 59917 | Zot:5    | Noticed an orb of fire
 59941 | Zot:5    | Gained mutation: Your magical capacity is low (-10% MP). [an orb of fire]
 59944 | Zot:5    | Gained mutation: You can translocate small distances at will. [an orb of fire]
 59955 | Zot:5    | Killed an orb of fire
 60051 | Zot:5    | Noticed an orb of fire
 60065 | Zot:5    | Killed an orb of fire
 60067 | Zot:5    | Noticed an orb of fire
 60068 | Zot:5    | Gained mutation: You are dopey. (Int -2) [an orb of fire]
 60071 | Zot:5    | Killed an orb of fire
 60228 | Zot:5    | Noticed an ancient lich
 60251 | Zot:5    | Killed an ancient lich
 60373 | Zot:5    | Noticed an ancient lich
 60378 | Zot:5    | Noticed an orb of fire
 60383 | Zot:5    | Gained mutation: Armour fits poorly on your strangely shaped body. [an orb of fire]
 60385 | Zot:5    | Killed an ancient lich
 60386 | Zot:5    | Gained mutation: You occasionally shout uncontrollably at your foes. [an orb of fire]
 60392 | Zot:5    | Killed an orb of fire
 60394 | Zot:5    | Noticed an orb of fire
 60395 | Zot:5    | Noticed an ancient lich
 60395 | Zot:5    | Gained mutation: You are frail (-10% HP). [an orb of fire]
 60405 | Zot:5    | Killed an ancient lich
 60414 | Zot:5    | Killed an orb of fire
 60440 | Zot:5    | Lost mutation: Your vision is a little blurry. [potion of cure mutation]
 60440 | Zot:5    | Lost mutation: You occasionally shout uncontrollably at your foes. [potion of cure mutation]
 60440 | Zot:5    | Lost mutation: You are dopey. (Int -2) [potion of cure mutation]
 60440 | Zot:5    | Lost mutation: Your spells are a little easier to cast, but a little less powerful. [potion of cure mutation]
 60440 | Zot:5    | Lost mutation: Your magical capacity is low (-10% MP). [potion of cure mutation]
 60962 | Zot:5    | Got the Orb of Zot
 61086 | Zot:1    | Noticed Vucucum the pandemonium lord
 61101 | Zot:1    | Killed Vucucum the pandemonium lord
 61230 | Depths:3 | Gained mutation: You are somewhat resistant to further mutation. [a neqoxec]
 61240 | Depths:3 | Gained mutation: You have difficulty communicating with the divine. [a neqoxec]
 61345 | D:15     | Gained mutation: Your vision is a little blurry. [a neqoxec]
 61442 | D:13     | Noticed Fraazoepp the pandemonium lord
 61452 | D:13     | Killed Fraazoepp the pandemonium lord
 61468 | D:13     | Noticed Zoat the pandemonium lord
 61487 | D:13     | Killed Zoat the pandemonium lord
 61684 | D:7      | Noticed Crecoomuuj the pandemonium lord
 61711 | D:6      | Noticed Claxah the pandemonium lord
 61857 | D:1      | Lost mutation: Your vision is a little blurry. [potion of cure mutation]
 61857 | D:1      | Lost mutation: You are somewhat resistant to further mutation. [potion of cure mutation]
 61857 | D:1      | Lost mutation: Armour fits poorly on your strangely shaped body. [potion of cure mutation]
 61857 | D:1      | Lost mutation: You are frail (-10% HP). [potion of cure mutation]
 61857 | D:1      | Lost mutation: You can translocate small distances at will. [potion of cure mutation]
 61859 | D:$      | Escaped with the Orb!

Action                   |  1- 3 |  4- 6 |  7- 9 | 10-12 | 13-15 | 16-18 | 19-21 | 22-24 | 25-27 || total
-------------------------+-------+-------+-------+-------+-------+-------+-------+-------+-------++-------
Melee: Unarmed           |    77 |   130 |   299 |   519 |  1097 |  1602 |   982 |  1438 |  1865 ||  8009
       War axe           |       |       |       |    11 |       |       |       |     2 |       ||    13
       Rod               |       |       |       |       |       |     7 |       |       |       ||     7
 Fire: Blowgun           |       |     8 |    53 |       |       |       |       |       |       ||    61
       Triple crossbow   |       |       |       |       |       |    49 |       |       |       ||    49
Throw: Stone             |     4 |     5 |       |       |       |       |       |       |       ||     9
       Javelin           |       |       |       |       |       |    10 |       |       |       ||    10
Invok: Temporal Distorti |       |       |       |     4 |     2 |     4 |     4 |    13 |    23 ||    50
       Slouch            |       |       |       |       |       |     3 |     1 |     1 |     4 ||     9
Evoke: Wand              |       |       |     1 |     8 |     7 |     5 |       |     1 |     2 ||    24
       Rod               |       |       |       |       |       |    64 |     5 |       |       ||    69
  Use: Potion            |       |     6 |       |     2 |     2 |     1 |     1 |     1 |    11 ||    24
       Scroll            |       |       |    16 |    10 |     4 |    14 |     4 |     9 |    16 ||    73
 Stab: Sleeping          |     1 |     1 |     7 |       |       |       |       |       |       ||     9
       Fleeing           |       |       |       |       |       |       |     1 |       |       ||     1
  Eat: Chunk             |     2 |     3 |     6 |    17 |    19 |    24 |     7 |     8 |    16 ||   102
       Meat ration       |       |       |     2 |       |       |       |     2 |       |     2 ||     6
       Royal jelly       |       |       |       |       |     2 |     1 |     1 |       |       ||     4
       Beef jerky        |       |       |       |       |       |     7 |       |     3 |     2 ||    12
       Pizza             |       |       |       |       |       |     2 |       |     2 |       ||     4
       Bread ration      |       |       |       |       |       |       |       |       |     3 ||     3
